 Dungeon Crawl Stone Soup version 0.27.1-33-g824d729ab1 (webtiles) character file.

Game seed: 451150264462624584

7 zeram the Sneak (level 1, -2/11 HPs)
             Began as a Spriggan Brigand on Dec 21, 2021.
             Killed from afar by a dart slug (5 damage)
             ... with a slug dart
             ... on level 1 of the Dungeon.
             The game lasted 00:00:34 (258 turns).

zeram the Sneak (Spriggan Brigand)                   Turns: 258, Time: 00:00:34

Health: -2/11      AC:  3    Str:  7    XL:     1   Next: 91%
Magic:  2/2        EV: 16    Int: 12    God:
Gold:   0          SH:  0    Dex: 16    Spells: 0/0 levels left

rFire    . . .     SeeInvis +   a - +2 dagger
rCold    . . .     Faith    .   (shield restricted)
rNeg     . . .     Spirit   .   b - +0 robe
rPois    .         Reflect  .   (helmet restricted)
rElec    .         Harm     .   c - +0 cloak
rCorr    .         Rampage  .   (gloves unavailable)
Will     .....                  (boots unavailable)
Stlth    +++.......             (no amulet)
HPRegen  0.03/turn              (no ring)
MPRegen  0.08/turn              (no ring)

@: very quick
A: very small, no large weapons, unfitting armour, see invisible, speed 3
a: no special abilities


You were on level 1 of the Dungeon.
You visited 1 branch of the dungeon, and saw 1 of its levels.

Inventory:

Hand Weapons
 a - a +2 dagger (weapon)
Missiles
 d - 8 poisoned darts (quivered)
 e - 2 curare-tipped darts
Armour
 b - a +0 robe (worn)
 c - a +0 cloak (worn)
Jewellery
 f - a ring of poison resistance


   Skills:
 + Level 1.6 Fighting
 + Level 2.2 Short Blades
 + Level 2.0 Throwing
 + Level 1.5 Dodging
 + Level 6.3 Stealth


You couldn't memorise any spells.
You didn't know any spells.
Your spell library was empty.

Dungeon Overview and Level Annotations

Branches:
Dungeon (1/15)

Altars:


Innate Abilities, Weirdness & Mutations

You are very small and have problems with some larger weapons.
You are too small for most types of armour.
You have supernaturally acute eyesight. (SInv)
You cover ground extremely quickly. (Speed+++)


Message History

Found a scale mail.
An endoplasm and a goblin come into view.
The quokka bites you.
You hit the quokka.
The quokka is moderately wounded.
The hobgoblin shouts!
The endoplasm quivers.
The quokka barely misses you.
The kobold shouts!
You hit the quokka.
The quokka is heavily wounded.
You hear a shout! x2
The quokka bites you.
You are too injured to fight recklessly!
You are too injured to fight recklessly!
Unknown command.
Found a scroll labelled HUVVOIQAPE.
You see here a ring of poison resistance.
f - a ring of poison resistance You see here a +0 club.
A quokka and an endoplasm come into view.
Found a cloak.
A quokka comes into view.
The quokka twitches its whiskers.
A dart slug comes into view.
The quokka twitches its whiskers.
The dart slug bites you but does no damage.
The quokka barely misses you. The dart slug bites you.
* * * LOW HITPOINT WARNING * * *
You aren't carrying any scrolls.
You aren't carrying any potions.
You hit the dart slug.
The dart slug is moderately wounded.
The quokka bites you but does no damage.
You hit the dart slug.
The dart slug is heavily wounded.
The quokka closely misses you. The dart slug launches a dart at you.
The slug dart hits you.
You die...

####.... #....... #.......
###....... ###.........
##.... #....... ###...#
##....... #.w.# #........
###@# #........ #.r.#
#)####.## ###J### ##...# .
#r..# .##..#.# #. ####.#####
.. #.##.# #[##..gr###.## .#
#.##.# #.............
#.###.##.##
#..........#..###..##).##...
#.....r....#......##..###...


You could see a dart slug, an endoplasm, 3 quokkas and a hobgoblin.

Vanquished Creatures
  2 ball pythons (D:1)
  2 jackals (D:1)
  A goblin (D:1)
  2 kobolds (D:1)
  A rat (D:1)
8 creatures vanquished.

Notes
Turn   | Place    | Note
-------+----------+-------------------------------------------
     0 | D:1      | zeram the Spriggan Brigand began the quest for the Orb.
     0 | D:1      | Reached XP level 1. HP: 10/10 MP: 2/2
    47 | D:1      | Reached skill level 6 in Stealth
   223 | D:1      | Found a faded altar of an unknown god.
   258 | D:1      | Killed from afar by a dart slug

Illustrated notes

Levels and vault maps discovered:
D:1:      scummos_arrival_hexagon, layout_rooms,
          chequers_ecumenical_altar_simple

Skill      XL: |  1 |
---------------+----+-----
Stealth        | 6 |  6.3
Fighting       | |  1.6
Short Blades   | |  2.2
Throwing       | |  2.0
Dodging        | |  1.5

Action                   || total
-------------------------++-------
Melee: Dagger            ||    34
 Stab: Distracted        ||     1
       Sleeping          ||     1
Armor: Robe              ||     5
Dodge: Dodged            ||    27
